 Dungeon Sprint DCSS version 0.22.1-2-g9c5b331383 (webtiles) character file.

172982 Groucho the Impregnable (level 17, -13/129 HPs)
             Began as a Gargoyle Fighter on Nov 19, 2018.
             Was the Champion of Cheibriados.
             Killed from afar by an ancient lich (43 damage)
             ... with a lance of force
             ... in the Dungeon (Sprint VII: "The Pits") on Nov 20, 2018.
             The game lasted 00:40:51 (8386 turns).

Groucho the Impregnable (Gargoyle Fighter)          Turns: 8386, Time: 00:40:51

Health: -13/129    AC: 57    Str: 37    XL:     17   Next: 75%
Magic:  3/28       EV: 27    Int: 32    God:    Cheibriados [******]
Gold:   79         SH: 32    Dex: 27    Spells: 16/16 levels left

rFire    + + +     SeeInvis .   C - +6 eveningstar "Xiant" {elec, *Drain MR+++ Dex-2 Stlth+}
rCold    + + +     Gourm    .   J - +3 large shield
rNeg     + + +     Faith    .   v - +8 gold dragon scales
rPois    ∞         Spirit   .   (no helmet)
rElec    +         Reflect  .   G - +2 cloak
rCorr    +         Harm     .   s - +2 pair of gloves
MR       +++++     NoTele   +   H - +1 pair of boots
Stlth    ..........             K - amulet "Podam" {rC+ MR+ Regen+ Int+4 Stlth+}
HPRegen  0.71/turn              d - +3 ring of evasion
MPRegen  0.21/turn              L - ring "Sucidih" {rF+ rC+ rN++ Int+4}

@: resistant, very slightly contaminated, studying 2 skills, very slow
A: big wings, negative energy resistance 1, electricity resistance, unbreathing,
petrification resistance, rot immunity, AC +12
}: 1/3 runes: silver
a: Fly, Bend Time, Temporal Distortion, Slouch, Step From Time, Renounce
Religion


You were in the Dungeon.
You worshipped Cheibriados.
Cheibriados was exalted by your worship.
You were not hungry.

You visited 1 branch You collected 79 gold pieces.

Inventory:

Hand Weapons
 r - a +9 broad axe
 C - the +6 eveningstar "Xiant" (weapon) {elec, *Drain MR+++ Dex-2 Stlth+}
   (You found it in the Dungeon)

   Occasionally, upon striking a foe, it will discharge some electrical energy
   and cause terrible harm.
   It affects your dexterity (-2).
   It affects your resistance to hostile enchantments.
   It causes draining when unequipped.
   It makes you more stealthy.
 Q - a +0 sacred scourge of holy wrath
Missiles
 a - 35 javelins of returning (quivered)
 b - 19 tomahawks
 q - 40 stones
Armour
 s - a +2 pair of gloves (worn)
 v - +8 gold dragon scales (worn)
 G - a +2 cloak (worn)
 H - a +1 pair of boots (worn)
 J - a +3 large shield (worn)
Jewellery
 d - a +3 ring of evasion (left hand)
 u - an uncursed amulet of the gourmand
 D - an uncursed ring of positive energy
 E - a +3 ring of strength
 F - an uncursed ring of fire
 K - the amulet "Podam" (around neck) {rC+ MR+ Regen+ Int+4 Stlth+}
   (You found it in the Dungeon)

   [amulet of regeneration]

   It affects your intelligence (+4).
   It protects you from cold.
   It affects your resistance to hostile enchantments.
   It increases your rate of regeneration.
   It makes you more stealthy.
 L - the ring "Sucidih" (right hand) {rF+ rC+ rN++ Int+4}
   (You found it in the Dungeon)

   [ring of protection from cold]

   It affects your intelligence (+4).
   It protects you from fire.
   It protects you from cold.
   It greatly protects you from negative energy.
 M - the amulet "Liphebeh" {Reflect *Slow rPois rN++ Dex+2 SH+6}
   (You found it in the Dungeon)

   [amulet of reflection]

   It shields you and reflects attacks.
   It affects your dexterity (+2).
   It protects you from poison.
   It greatly protects you from negative energy.
   It may slow you when you take damage.
   It affects your SH (+6).
 N - the ring "Vesawner" {+Inv rC++ AC+6}
   (You found it in the Dungeon)

   [ring of protection]

   It affects your AC (+6).
   It greatly protects you from cold.
   It lets you turn invisible.
 O - the ring of Curiosity {*Slow MR+ Dex+6 Slay+3}
   (You found it in the Dungeon)

   [ring of dexterity]

   It affects your dexterity (+6).
   It affects your accuracy and damage with ranged weapons and melee attacks
   (+3).
   It affects your resistance to hostile enchantments.
   It may slow you when you take damage.
 S - a +2 ring of strength
 V - a +3 ring of strength
 Y - an uncursed ring of protection from magic
 Z - a +6 ring of strength
Wands
 P - a wand of iceblast (7)
Scrolls
 i - a scroll of fear
 k - a scroll of blinking
 l - 2 scrolls of enchant armour
 n - 13 scrolls of remove curse
 o - 5 scrolls of amnesia
 p - a scroll of summoning
 x - 7 scrolls of enchant weapon
 y - 4 scrolls of fog
 A - 7 scrolls of identify
 B - 3 scrolls of magic mapping
Potions
 e - 15 potions of curing
 g - 8 potions of heal wounds
 h - 9 potions of haste
 j - 8 potions of berserk rage
 m - a potion of invisibility
 t - 3 potions of agility
 z - 3 potions of brilliance
 X - 2 potions of might
Books
 c - a manual of Ice Magic
 w - a manual of Stealth
Comestibles
 f - 9 rations


   Skills:
 + Level 22.8 Fighting
 + Level 16.1(17.6) Axes
 - Level 14.0(17.4) Maces & Flails
 * Level 15.6 Throwing
 * Level 25.2 Armour
 * Level 17.3 Dodging
 * Level 25.2 Shields
 - Level 15.6 Invocations


You had 16 spell levels left.
You didn't know any spells.
Your spell library was empty.

Dungeon Overview and Level Annotations

Branches:
Dungeon (1/1)

Altars:
Ashenzari
Cheibriados
Dithmenos
Elyvilon
Fedhas
Gozag
Hepliaklqana
Kikubaaqudgha
Makhleb
Nemelex Xobeh
Okawaru
Qazlal
Ru
Sif Muna
Trog
Uskayaw
Vehumet
Wu Jian
Xom
Yredelemnul
Zin
The Shining One
Beogh
Jiyva
Lugonu

Annotations:
D Boris


Innate Abilities, Weirdness & Mutations

You are resistant to torment.
Your stone body is resilient. (AC +12)
You are immune to poison.
Your large and strong wings let you fly indefinitely.
You resist negative energy. (rN+)
You are resistant to electric shocks. (rElec)
You can survive without breathing.
You are immune to petrification.
You are immune to rotting.


Message History

You hear some strange, mumbled words.
A lance of force appears from out of thin air!
The lance of force misses you.
The tormentor calls on the powers of darkness!
The deep elf high priest convulses!
Your body is wracked with pain!
* * * LOW HITPOINT WARNING * * *
You barely miss something.
The Ice Fiend calls on the powers of darkness!
Your body is wracked with pain!
* * * LOW HITPOINT WARNING * * *
The deep elf high priest convulses!
You hear some strange, mumbled words.
A bolt of fire appears from out of thin air!
The bolt of fire misses you. You block the cacodemon's attack. x2
Something closely misses you. You block something's attack.
You feel much better.
You hear some strange, mumbled words.
A lance of force appears from out of thin air!
The lance of force hits you!
You die...

#..........##.....#.....#
#..........##.....#.....#
'..#....#..##..#''#++#.'#'+######
'..........##.÷÷......))3..§.C13.
#..........##÷÷'......).e4..AC5.5
#.)#....#..#####..#))#..#..#2e#5.
'..........##..'2e...........p...
'..........##..2{{{.)............
#..#....#..##.)#@'#''#++#++######
#..........''...1.#.....
#..........'))....#.....#
###''####''##############
###''####''######################
#......##..)............)(.......
#.#'##.##..).).)...)))..(........
#.#):'.##.(##############)'######
#.'[.#.##..#))'...'))#..).....#[[


You could see an Ice Fiend, a cacodemon, a hell beast and a deep elf high
priest.

Vanquished Creatures
  Mennas (D)
  A Killer Klown (D)
  A profane servitor (D)
  A golden dragon (D)
  A bone dragon (D)
  An Ice Fiend (D)
  4 liches (D)
  A deep elf blademaster (D)
  A death cob (D)
  3 sphinxes (D)
  A shadow dragon (D)
  Donald (D)
  14 orc warlords (D)
  2 frost giants (D)
  2 fire giants (D)
  2 balrugs (D)
  A ghost moth (D)
  2 draconian scorchers (D)
  A spriggan defender (D)
  2 deep elf sorcerers (D)
  A ghoul (D)
  A draconian stormcaller (D)
  A war gargoyle (D)
  2 reapers (D)
  A vampire knight (D)
  4 deep elf demonologists (D)
  4 deep elf annihilators (D)
  A lorocyproca (D)
  2 white draconians (D)
  2 black draconians (D)
  A purple draconian (D)
  2 yellow draconians (D)
  A merfolk javelineer (D)
  2 minotaurs (D)
  A death ooze (D)
  2 eidola (D)
  A blizzard demon (D)
  2 mummy priests (D)
  2 ettins (D)
  Josephine (D)
  A deep elf death mage (D)
  2 great orbs of eyes (D)
  A yaktaur captain (D)
  A fire dragon (D)
  2 vault guards (D)
  A rakshasa (D)
  A catoblepas (D)
  4 naga warriors (D)
  2 ice dragons (D)
  A dancing weapon (D)
  2 two-headed ogres (D)
  2 death knights (D)
  An alligator (D)
  6 orc high priests (D)
  A deep elf knight (D)
  4 vampire magi (D)
  2 sun demons (D)
  A flayed ghost (D)
  An unseen horror (D)
  A sea snake (D)
  2 wizards (D)
  27 orc knights (D)
  2 lindwurms (D)
  2 deep elf magi (D)
  3 ugly things (D)
  A phantasmal warrior (D)
  8 orc sorcerers (D)
  3 wolf spiders (D)
  A manticore (D)
  15 elephants (D)
  A naga mage (D)
  An eye of devastation (D)
  A black mamba (D)
  Psyche (D)
  A molten gargoyle (D)
  A rust devil (D)
  A komodo dragon (D)
  2 smoke demons (D)
  3 spiny frogs (D)
  A tormentor (D)
  A yaktaur (D)
  A demonic crawler (D)
  A kobold demonologist (D)
  A hellwing (D)
  2 freezing wraiths (D)
  2 efreet (D)
  2 ice devils (D)
  A guardian mummy (D)
  A wandering mushroom (D)
  2 polar bears (D)
  4 merfolk (D)
  A meliai (shapeshifter) (D)
  2 jumping spiders (D)
  2 hornets (D)
  2 bog bodies (D)
  5 dream sheep (D)
  A tyrant leech (D)
  A flying skull (D)
  2 snapping turtles (D)
  A shadow (D)
  2 spriggans (D)
  A tarantella (D)
  3 wraiths (D)
  4 redbacks (D)
  2 wyverns (D)
  A basilisk (D)
  A fire elemental (D)
  5 vampire mosquitoes (D)
  8 insubstantial wisps (D)
  16 orc warriors (D)
  A phantom (D)
  An ice beast (D)
  4 necrophages (D)
  An eye of draining (D)
  A centaur (D)
  5 wolves (D)
  2 big kobolds (D)
  A bullfrog (D)
  A gnoll sergeant (D)
  An earth elemental (D)
  A small abomination (D)
  3 wights (D)
  A quasit (D)
  2 hounds (D)
  An orc priest (D)
  Jessica (D)
  An orc wizard (D)
  A worker ant (D)
  5 gnolls (D)
  An adder (D)
  3 white imps (D)
  An ooze (D)
  An adder skeleton (D)
  An adder zombie (D)
  An adder simulacrum (D)
  A leopard gecko (D)
  2 orcs (D)
  A bat (D)
  7 jackals (D)
  2 quokkas (D)
  A ball python (D)
  A frilled lizard (D)
  2 kobolds (D)
  A leopard gecko simulacrum (D)
  A rat (D)
330 creatures vanquished.

Notes
Turn   | Place    | Note
-------+----------+-------------------------------------------
     0 | D        | Groucho the Gargoyle Fighter began the quest for the Orb.
     0 | D        | Reached XP level 1. HP: 14/14 MP: 1/1
    42 | D        | Found a bloodstained altar of Trog.
    42 | D        | Found a deep blue altar of Sif Muna.
    42 | D        | Found a viscous altar of Jiyva.
    42 | D        | Found a hazy altar of Hepliaklqana.
    42 | D        | Found an opulent altar of Gozag.
    43 | D        | Found a glowing golden altar of the Shining One.
    43 | D        | Found a glowing silver altar of Zin.
    43 | D        | Found a basalt altar of Yredelemnul.
    43 | D        | Found a shimmering altar of Xom.
    43 | D        | Found an ornate altar of the Wu Jian Council.
    43 | D        | Found a sacrificial altar of Ru.
    43 | D        | Found a stormy altar of Qazlal.
    43 | D        | Found an iron altar of Okawaru.
    43 | D        | Found a sparkling altar of Nemelex Xobeh.
    43 | D        | Found a burning altar of Makhleb.
    43 | D        | Found a blossoming altar of Fedhas.
    43 | D        | Found a white marble altar of Elyvilon.
    43 | D        | Found a shadowy altar of Dithmenos.
    43 | D        | Found a snail-covered altar of Cheibriados.
    45 | D        | Found a corrupted altar of Lugonu.
    45 | D        | Found a radiant altar of Vehumet.
    45 | D        | Found a roughly hewn altar of Beogh.
    46 | D        | Found a shattered altar of Ashenzari.
    46 | D        | Found an ancient bone altar of Kikubaaqudgha.
    46 | D        | Found a hide-covered altar of Uskayaw.
    52 | D        | Became a worshipper of Cheibriados the Contemplative
    70 | D        | Reached * piety under Cheibriados
   331 | D        | Reached XP level 2. HP: 19/20 MP: 2/2
   332 | D        | Reached ** piety under Cheibriados
   341 | D        | Reached *** piety under Cheibriados
   345 | D        | Reached skill level 1 in Invocations
   356 | D        | Reached **** piety under Cheibriados
   356 | D        | Reached XP level 3. HP: 20/24 MP: 2/4
   563 | D        | Noticed a gnoll sergeant
   574 | D        | Reached skill level 5 in Fighting
   574 | D        | Reached skill level 5 in Armour
   574 | D        | Reached skill level 5 in Shields
   574 | D        | Reached XP level 4. HP: 26/31 MP: 4/6
   578 | D        | Killed a gnoll sergeant
   578 | D        | Reached ***** piety under Cheibriados
   578 | D        | Reached XP level 5. HP: 31/36 MP: 4/8
   585 | D        | Reached skill level 5 in Axes
   585 | D        | Reached skill level 5 in Invocations
   586 | D        | Reached ****** piety under Cheibriados
   587 | D        | Reached XP level 6. HP: 36/42 MP: 5/9
   615 | D        | Noticed a hellwing
   626 | D        | Killed a hellwing
   626 | D        | Reached XP level 7. HP: 45/50 MP: 0/12
   815 | D        | Noticed Jessica
   815 | D        | Noticed an elephant
   815 | D        | Noticed a demonic crawler
   817 | D        | Killed Jessica
   827 | D        | Killed an elephant
   827 | D        | Reached XP level 8. HP: 30/56 MP: 3/14
   831 | D        | Killed a demonic crawler
  1297 | D        | Noticed a freezing wraith
  1304 | D        | Killed a freezing wraith
  1304 | D        | Reached skill level 10 in Fighting
  1304 | D        | Reached skill level 10 in Armour
  1304 | D        | Reached skill level 10 in Shields
  1386 | D        | Noticed a spiny frog
  1386 | D        | Noticed a minotaur
  1388 | D        | Killed a spiny frog
  1388 | D        | Reached XP level 9. HP: 63/63 MP: 9/16
  1405 | D        | Killed a minotaur
  1405 | D        | Reached skill level 10 in Invocations
  1492 | D        | Noticed a smoke demon
  1509 | D        | Killed a smoke demon
  1751 | D        | Noticed a two-headed ogre
  1755 | D        | Killed a two-headed ogre
  1755 | D        | Reached XP level 10. HP: 71/71 MP: 6/18
  1770 | D        | Noticed a smoke demon
  1772 | D        | Killed a smoke demon
  1772 | D        | Reached skill level 10 in Axes
  1980 | D        | Noticed a sea snake
  1986 | D        | Killed a sea snake
  2005 | D        | Noticed a spriggan rider
  2021 | D        | Noticed an orc knight
  2040 | D        | Killed an orc knight
  2061 | D        | Noticed Josephine
  2075 | D        | Killed Josephine
  2075 | D        | Reached XP level 11. HP: 40/78 MP: 3/20
  2419 | D        | Noticed a lindwurm
  2440 | D        | HP: 2/79 [lindwurm/blast of flame (29)]
  2443 | D        | Killed a lindwurm
  2858 | D        | Noticed a flayed ghost
  2868 | D        | Killed a flayed ghost
  2954 | D        | Got the +6 eveningstar "Xiant" {elec, *Drain MR+++ Dex-2
                  | Stlth+}
  3118 | D        | Noticed a wolf spider
  3124 | D        | Killed a wolf spider
  3124 | D        | Reached skill level 1 in Maces & Flails
  3124 | D        | Reached XP level 12. HP: 84/86 MP: 22/22
  3554 | D        | Noticed an eidolon
  3561 | D        | Killed an eidolon
  3575 | D        | Noticed a two-headed ogre
  3575 | D        | Noticed an ettin
  3582 | D        | Killed an ettin
  3582 | D        | Reached skill level 15 in Fighting
  3582 | D        | Reached skill level 15 in Armour
  3582 | D        | Reached skill level 15 in Shields
  3591 | D        | Killed a two-headed ogre
  3960 | D        | Reached skill level 5 in Maces & Flails
  3961 | D        | Reached skill level 15 in Invocations
  4176 | D        | Noticed an orc warlord
  4197 | D        | Noticed an orc warlord
  4209 | D        | Reached skill level 1 in Dodging
  4209 | D        | Reached XP level 13. HP: 40/93 MP: 24/24
  4432 | D        | Killed an orc warlord
  4591 | D        | Killed an orc warlord
  4796 | D        | Noticed a bone dragon
  4810 | D        | Killed a bone dragon
  4927 | D        | Noticed a yaktaur captain
  4937 | D        | Killed a yaktaur captain
  5267 | D        | Reached skill level 5 in Dodging
  5457 | D        | Noticed a vault guard
  5457 | D        | Noticed a merfolk javelineer
  5458 | D        | Noticed a deep elf blademaster
  5462 | D        | Killed a vault guard
  5462 | D        | Reached skill level 10 in Maces & Flails
  5462 | D        | Killed a deep elf blademaster
  5465 | D        | Killed a merfolk javelineer
  5629 | D        | Noticed a yellow draconian
  5629 | D        | Noticed a blizzard demon
  5633 | D        | Gained mutation: Your large and strong wings let you fly
                  | indefinitely. [Gargoyle growth]
  5633 | D        | Reached XP level 14. HP: 97/103 MP: 9/25
  5637 | D        | Killed a yellow draconian
  5777 | D        | Noticed a purple draconian
  5785 | D        | Killed a purple draconian
  5806 | D        | Noticed Psyche
  5811 | D        | Killed Psyche
  5925 | D        | Noticed a death cob
  5930 | D        | Killed a death cob
  5931 | D        | Noticed a deep elf annihilator
  5953 | D        | Killed a deep elf annihilator
  6042 | D        | Noticed a deep elf demonologist
  6044 | D        | Noticed a reaper
  6051 | D        | Noticed a reaper
  6054 | D        | Killed a deep elf demonologist
  6143 | D        | Noticed a deep elf annihilator
  6143 | D        | Noticed a deep elf sorcerer
  6143 | D        | Noticed a white draconian
  6144 | D        | Noticed a deep elf demonologist
  6145 | D        | Noticed a deep elf annihilator
  6152 | D        | Killed a deep elf sorcerer
  6153 | D        | Killed a deep elf demonologist
  6153 | D        | Reached skill level 10 in Dodging
  6154 | D        | Killed a deep elf annihilator
  6155 | D        | Killed a ghostly deep elf sorcerer
  6156 | D        | Killed a white draconian
  6156 | D        | Reached XP level 15. HP: 105/112 MP: 4/26
  6223 | D        | Noticed a black draconian scorcher
  6233 | D        | Killed a black draconian scorcher
  6254 | D        | Noticed a black draconian scorcher
  6263 | D        | Killed a black draconian scorcher
  6574 | D        | Noticed a sphinx
  6574 | D        | Noticed a lich
  6578 | D        | Killed a sphinx
  6578 | D        | Killed a lich
  6596 | D        | Noticed a red draconian stormcaller
  6606 | D        | Killed a red draconian stormcaller
  6615 | D        | Got the ring "Oceruatu" {Ice Int+4}
  6618 | D        | Got the ring of Virtue {rElec rPois MP-9 Dex+10 Stlth+}
  6621 | D        | Got the amulet "Faicaism" {Spirit rElec Dex+3}
  6624 | D        | Got the ring of Undoing {Int+3 Dex-2}
  6627 | D        | Got the ring "Plog" {rPois MR+ Str+2 Int+3 SInv}
  6630 | D        | Got the ring of Wymm {rN+ Stlth+}
  6633 | D        | Got the ring "Qokkeokk" {+Fly Str+2 Dex+6}
  6636 | D        | Got the ring "Maucehea" {*Drain rElec rN+ Str+5 Dex+4}
  6639 | D        | Got the ring of Mamnolob {rCorr +Fly rElec rPois Dex-3}
  6645 | D        | Got the amulet "Podam" {rC+ MR+ Regen+ Int+4 Stlth+}
  6647 | D        | Got the amulet of Atheism {Acrobat Int+4}
  6650 | D        | Got the ring "Jaimpieno" {*Contam +Inv rC++ MR+ Dex+3}
  6657 | D        | Got the ring "Sucidih" {rF+ rC+ rN++ Int+4}
  6659 | D        | Got the ring "Maego" {rPois Int+6}
  6662 | D        | Got the amulet "Ceuhacuc" {rElec Regen+ Int-4 Dex+2}
  6665 | D        | Got the amulet "Begi" {+Rage rF- Int+3 Dex+4}
  6668 | D        | Got the amulet "Liphebeh" {Reflect *Slow rPois rN++ Dex+2
                  | SH+6}
  6670 | D        | Got the ring "Xitisir" {Fire rElec rN+ Str-3}
  6673 | D        | Got the ring "Vesawner" {+Inv rC++ AC+6}
  6675 | D        | Got the ring of Midnight {Fire rPois Int+4}
  6678 | D        | Got the ring "Igoawn" {rC+ AC+1}
  6681 | D        | Got the amulet "Teowahi" {RegenMP Dex+9}
  6684 | D        | Got the ring of Yhaunix {Ice -Tele rN+ Int-5 Dex+6}
  6687 | D        | Got the ring of Curiosity {*Slow MR+ Dex+6 Slay+3}
  6689 | D        | Got the ring "Ibeefapp" {rC+ Dex+4}
  6869 | D        | Noticed a fire giant
  6869 | D        | Noticed Mennas
  6873 | D        | Reached skill level 5 in Throwing
  6873 | D        | Noticed Donald
  6874 | D        | Killed a fire giant
  6905 | D        | Killed Mennas
  6908 | D        | Killed Donald
  6916 | D        | Noticed a balrug
  6925 | D        | Killed a balrug
  7016 | D        | Noticed a Killer Klown
  7033 | D        | Killed a Killer Klown
  7033 | D        | Reached XP level 16. HP: 120/120 MP: 27/27
  7123 | D        | Noticed a golden dragon
  7126 | D        | Noticed a shadow dragon
  7134 | D        | Killed a golden dragon
  7134 | D        | Reached skill level 10 in Throwing
  7173 | D        | Killed a shadow dragon
  7288 | D        | Noticed a sphinx
  7296 | D        | Killed a sphinx
  7499 | D        | Reached skill level 15 in Dodging
  7509 | D        | Reached XP level 17. HP: 93/128 MP: 4/28
  7514 | D        | Reached skill level 15 in Axes
  7574 | D        | Got a silver rune of Zot
  7755 | D        | Noticed an Executioner
  7760 | D        | Noticed an Ice Fiend
  7766 | D        | Noticed a lich
  7784 | D        | Killed a lich
  8085 | D        | Noticed a sphinx
  8087 | D        | Killed a sphinx
  8317 | D        | Noticed an Ice Fiend
  8317 | D        | Noticed a lich
  8317 | D        | Noticed a lich
  8324 | D        | Killed a lich
  8328 | D        | Killed a lich
  8329 | D        | Reached skill level 15 in Throwing
  8330 | D        | Killed an Ice Fiend
  8346 | D        | Noticed a lich
  8347 | D        | Noticed Boris
  8350 | D        | Noticed a Tzitzimitl
  8351 | D        | Noticed a profane servitor
  8366 | D        | Noticed an ancient lich
  8375 | D        | Noticed an Executioner
  8378 | D        | Noticed an Ice Fiend
  8381 | D        | Killed a profane servitor
  8386 | D        | Killed from afar by an ancient lich

Skill      XL: |  1  2  3  4  5  6  7  8  9 10 11 12 13 14 15 16 17 |
---------------+----------------------------------------------------+-----
Axes           | 2 3 4 5 6 7 8 9 11 12 13 14 16 | 16.1
Fighting       | 4 5 6 8 9 10 11 13 14 16 17 19 20 21 22 | 22.8
Armour         | 4 5 6 8 9 10 11 13 14 16 17 19 21 23 25 | 25.2
Shields        | 4 5 6 8 9 10 11 13 14 16 17 19 21 23 25 | 25.2
Invocations    | 1 2 4 5 7 8 9 11 12 14 15 | 15.6
Maces & Flails | 1 7 11 13 14 | 14.0
Dodging        | 1 7 10 13 15 17 | 17.3
Throwing       | 9 13 15 | 15.6

Action                   |  1- 3 |  4- 6 |  7- 9 | 10-12 | 13-15 | 16-18 || total
-------------------------+-------+-------+-------+-------+-------+-------++-------
Melee: War axe           |    37 |       |       |       |       |       ||    37
       Hand axe          |     9 |    25 |    54 |   136 |       |       ||   224
       Eveningstar       |       |       |       |    72 |   305 |   153 ||   530
Throw: Javelin           |       |       |       |     8 |       |       ||     8
       Stone             |       |       |       |     1 |       |       ||     1
Invok: Slouch            |       |     2 |     8 |    27 |    30 |    19 ||    86
       Bend Time         |       |       |     1 |       |       |     1 ||     2
  Use: Potion            |     1 |     1 |     2 |     5 |     3 |    10 ||    22
       Scroll            |       |       |       |       |       |     1 ||     1
 Stab: Sleeping          |       |       |       |     1 |       |       ||     1
  Eat: Ration            |       |       |       |     3 |     1 |     2 ||     6
       Chunk             |       |       |       |     1 |    12 |       ||    13
Armor: Scale mail        |    21 |       |       |       |       |       ||    21
       Ring mail         |    13 |    11 |    26 |    60 |    14 |       ||   124
       Gold dragon scale |       |       |       |       |   151 |    90 ||   241
Dodge: Dodged            |    24 |     5 |    16 |    70 |   146 |   168 ||   429
Block: Shield            |    41 |    18 |    35 |   177 |   273 |       ||   544
       Large shield      |       |       |       |       |    17 |   323 ||   340
